[Event "Titled Tuesday Blitz May 16 Early 2023"]
[White "Marcziter, Dmitrii"]
[Black "Dobre, Claudiu-Cristian"]
[WhiteFideId "13900765"]
[BlackFideId "1211854"]
[WhiteElo "2162"]
[BlackElo "2207"]
[Result "0-1"]
[Round "05"]
[TimeControl "180+2"]
[Date "2023.05.16"]
[WhiteClock "0:00:22"]
[BlackClock "0:00:13"]

1. d4 f5 2. g3 Nf6 3. Bg2 d6 4. Nh3 e5 5. dxe5 dxe5 6. Qxd8+ Kxd8 7. Ng5 Ke8 8. Nc3 c6 9. Be3 Bd6 10. O-O-O Bc7 11. Bc5 h6 12. Nf3 e4 13. Nd4 Na6 14. Ba3 Ng4 15. Rdf1 Kf7 16. h3 Ne5 17. f3 e3 18. b3 Bb6 19. Rd1 Rd8 20. f4 Bxd4 21. fxe5 Be6 22. Bb2 Bxe5 23. g4 f4 24. Ne4 Bxb2+ 25. Kxb2 Ke7 26. Bf3 Rxd1 27. Rxd1 Rd8 28. Rh1 Bd5 29. h4 b5 30. a3 g6 31. g5 h5 32. Rf1 Ke6 33. Nf6 Bxf3 34. Rxf3 Kf5 35. Rf1 Nc5 36. b4 Ne4 37. Kc1 Ng3 38. Re1 Rd2 39. Nd7 Rxd7 40. Kb2 Rd2 41. Kb3 Nxe2 42. a4 f3 43. axb5 f2 44. Ra1 cxb5 45. c4 bxc4+ 46. Kxc4 Rd4+ 47. Kc5 Rxh4 48. b5 Nf4 49. Kc6 e2 50. Kb7 f1=Q 51. Re1 Qxe1 52. Kxa7 Qa5+ 0-1


[Site "https://www.chess.com"]

[Event "Titled Tuesday Blitz May 16 Early 2023"]
[White "Szente Varga, Fruzsina"]
[Black "Onufrienko, Vladislav"]
[WhiteFideId "712264"]
[BlackFideId "13804332"]
[WhiteElo "1994"]
[BlackElo "1814"]
[Result "1-0"]
[Round "05"]
[TimeControl "180+2"]
[Date "2023.05.16"]
[WhiteClock "0:00:45"]
[BlackClock "0:00:02"]

1. e4 Nf6 2. e5 Nd5 3. Bc4 Nb6 4. Bb3 c5 5. d3 d5 6. exd6 exd6 7. Qf3 d5 8. Nd2 Nc6 9. Ne2 Be7 10. O-O O-O 11. a4 a5 12. Nf4 Be6 13. Re1 Nd4 14. Qg3 Bd6 15. Nf3 Nf5 16. Nxe6 fxe6 17. Qg5 Qd7 18. Bf4 h6 19. Qg4 Bxf4 20. Qxf4 Rae8 21. Ne5 Qc7 22. Qg4 Nd7 23. Ng6 Rf6 24. Bxd5 Nd4 25. Rac1 Kh7 26. Nh4 Ne5 27. Be4+ Kh8 28. Qg3 Re7 29. f4 Nec6 30. Ng6+ Rxg6 31. Qxg6 Kg8 32. Qh7+ Kf7 33. Bg6+ Kf6 34. Bh5 Rd7 35. Qg6+ Ke7 36. Qxg7+ Kd6 37. Qf8+ Re7 38. Qxh6 Nf5 39. Qf6 Ncd4 40. c3 Nc6 41. Rcd1 Qb6 42. Kh1 Kd7 43. Bg4 Nd8 44. Bxf5 Rf7 45. Bxe6+ Qxe6 46. Rxe6 Nxe6 47. Qxf7+ 1-0


[Site "https://www.chess.com"]

[Event "Titled Tuesday Blitz May 16 Early 2023"]
[White "Aarav Dengla"]
[Black "De Souza, Cristiano Gomes"]
[WhiteFideId "45059756"]
[BlackFideId "2151758"]
[WhiteElo "2288"]
[BlackElo "2068"]
[Result "1/2-1/2"]
[Round "05"]
[TimeControl "180+2"]
[Date "2023.05.16"]
[WhiteClock "0:00:32"]
[BlackClock "0:00:22"]

1. e4 c5 2. Nf3 d6 3. d4 cxd4 4. Nxd4 Nf6 5. Nc3 g6 6. Be3 Bg7 7. Bc4 O-O 8. f3 Nc6 9. Qd2 Bd7 10. h4 Rc8 11. Bb3 h5 12. O-O-O Ne5 13. g4 Qa5 14. Bh6 Kh7 15. Bxg7 Kxg7 16. Qg5 Rxc3 17. bxc3 Qxc3 18. Kb1 Rc8 19. gxh5 Nxh5 20. Rhg1 Nf6 21. h5 Nc4 22. Bxc4 Rxc4 23. Rd3 Rb4+ 24. Nb3 Qe5 25. Qxe5 dxe5 26. hxg6 fxg6 27. Rg5 a5 28. Rxe5 a4 29. Rxe7+ Kf8 30. Rexd7 axb3 31. axb3 Nxd7 32. Rxd7 Rb6 33. e5 g5 34. Kb2 Re6 35. Rxb7 Rxe5 36. Rb6 Rf5 37. c4 Rxf3 38. c5 Kf7 39. c6 Ke7 40. b4 g4 41. b5 g3 42. Rb7+ Kd6 43. Rg7 Rf5 44. Rg6+ Kc7 45. Kc3 Rxb5 46. Kc4 Rb1 47. Rxg3 Rc1+ 48. Kb5 Rb1+ 49. Kc5 Rc1+ 50. Kd5 Rd1+ 51. Ke5 Kxc6 52. Rc3+ Kd7 53. Rb3 Re1+ 54. Kd5 Rd1+ 55. Kc5 Rc1+ 56. Kd5 Rd1+ 1/2-1/2


[Site "https://www.chess.com"]

[Event "Titled Tuesday Blitz May 16 Early 2023"]
[White "Mikhaylova, Irina"]
[Black "Mahalakshmi, M"]
[WhiteFideId "4109040"]
[BlackFideId "5001080"]
[WhiteElo "1975"]
[BlackElo "2176"]
[Result "0-1"]
[Round "05"]
[TimeControl "180+2"]
[Date "2023.05.16"]
[WhiteClock "0:00:43"]
[BlackClock "0:01:25"]

1. d4 Nf6 2. Nf3 b6 3. c4 Bb7 4. Nc3 g6 5. d5 Bg7 6. e4 d6 7. Bd3 O-O 8. O-O Nbd7 9. Re1 Re8 10. h3 e6 11. Bf4 exd5 12. exd5 Nc5 13. Bc2 a5 14. Qd2 Qd7 15. b3 Nfe4 16. Bxe4 Nxe4 17. Nxe4 Bxa1 18. Rxa1 Rxe4 19. Be3 f6 20. Nd4 Rae8 21. a3 Kf7 22. b4 a4 23. b5 Qe7 24. Qb4 Rxe3 0-1


[Site "https://www.chess.com"]

[Event "Titled Tuesday Blitz May 16 Early 2023"]
[White "Begunov, Konstantin"]
[Black "Blokhin, Sofia"]
[WhiteFideId "4118510"]
[BlackFideId "4508190"]
[WhiteElo "2050"]
[BlackElo "1994"]
[Result "1-0"]
[Round "05"]
[TimeControl "180+2"]
[Date "2023.05.16"]
[WhiteClock "0:00:15"]
[BlackClock "0:00:08"]

1. d4 f5 2. g3 g6 3. Bg2 Bg7 4. c3 Nf6 5. Nd2 O-O 6. e4 fxe4 7. Nxe4 d6 8. Nxf6+ Bxf6 9. Nf3 Nc6 10. O-O Bf5 11. Re1 Qd7 12. Bh6 Rfe8 13. Qd2 Bh3 14. Bh1 Bg4 15. Re4 Bf5 16. Re2 Nd8 17. Rae1 Nf7 18. Bf4 Qb5 19. Ng5 Bxg5 20. Bxg5 Bg4 21. Rxe7 Nxg5 22. c4 Nh3+ 23. Kg2 Qxc4 24. Rxe8+ Rxe8 25. Rxe8+ Kf7 26. Qe3 Qd5+ 27. Qe4 Be6 28. Rxe6 Qxe6 29. Qf3+ Qf6 30. Qxf6+ Kxf6 31. Kxh3 Ke6 32. Bxb7 Kf5 33. d5 Ke5 34. Bc6 Kd4 35. f4 Ke3 36. Kg4 Kd2 37. Kg5 Kc2 38. Kh6 Kxb2 39. Kxh7 Kxa2 40. Kxg6 a5 41. f5 a4 42. f6 a3 43. f7 Kb2 44. f8=Q a2 45. Qf2+ Kb1 46. Qf1+ Kb2 47. Qe2+ 1-0


[Site "https://www.chess.com"]

[Event "Titled Tuesday Blitz May 16 Early 2023"]
[White "liwadas82"]
[Black "lluiss"]
[WhiteElo "2450"]
[BlackElo "2297"]
[Result "1-0"]
[Round "05"]
[TimeControl "180+2"]
[Date "2023.05.16"]
[WhiteClock "0:01:12"]
[BlackClock "0:00:04"]

1. e4 c5 2. Nf3 d6 3. d4 cxd4 4. Nxd4 Nf6 5. Nc3 g6 6. g3 Nc6 7. Nde2 Bg4 8. Bg2 Bxe2 9. Qxe2 Bg7 10. O-O O-O 11. Be3 Rc8 12. Nd5 Nd7 13. c4 Nce5 14. Rac1 e6 15. Nf4 Qa5 16. b3 Rfd8 17. Rfd1 Nc5 18. Qc2 Nc6 19. a4 Qc7 20. Rd2 a5 21. Rcd1 b6 22. Nd3 Nxd3 23. Qxd3 Nb4 24. Qe2 Nc6 25. f4 e5 26. Qf2 exf4 27. Bxb6 fxg3 28. hxg3 Qe7 29. Bxd8 Rxd8 30. Qb6 Ne5 31. Rxd6 Rxd6 32. Qxd6 Qg5 33. Qd8+ Bf8 34. Qxg5 1-0


[Site "https://www.chess.com"]

[Event "Titled Tuesday Blitz May 16 Early 2023"]
[White "DubiousM0ves532"]
[Black "Rosh Jain"]
[BlackFideId "25789465"]
[WhiteElo "2447"]
[BlackElo "2233"]
[Result "0-1"]
[Round "05"]
[TimeControl "180+2"]
[Date "2023.05.16"]
[WhiteClock "0:00:00"]
[BlackClock "0:00:15"]

1. Nf3 d5 2. c4 e6 3. cxd5 exd5 4. d4 Nf6 5. Nc3 Bd6 6. Bg5 c6 7. e3 Bf5 8. Qb3 Qb6 9. Nd2 Nbd7 10. Be2 O-O 11. O-O h6 12. Bh4 Rfe8 13. Bg3 Bb4 14. a3 Ba5 15. Rac1 Qxb3 16. Nxb3 Bb6 17. Na4 Rac8 18. h3 Ne4 19. Bh2 Ng5 20. Nac5 Nxc5 21. Nxc5 Re7 22. b4 Ne6 23. Bd6 Bxc5 24. bxc5 Rd7 25. Rc3 f6 26. Bh2 Nd8 27. Rb3 Nf7 28. Rc1 Re7 29. Bg4 Bxg4 30. hxg4 Rd8 31. Rcb1 Rdd7 32. Rb4 Nd8 33. Bd6 Rf7 34. f3 Ne6 35. Kf2 g6 36. Bg3 f5 37. gxf5 gxf5 38. Be5 Kh7 39. Rh1 Kg6 40. Rh3 Rfe7 41. Rb1 Nxc5 42. Rbh1 Nd3+ 43. Ke2 Nxe5 44. Rxh6+ Kf7 45. dxe5 Rxe5 46. Kd3 Ke7 47. f4 Re4 48. R1h5 Ra4 49. Rxf5 Rxa3+ 50. Kd4 Ra4+ 51. Kd3 Ra3+ 52. Ke2 Rb3 0-1


[Site "https://www.chess.com"]

[Event "Titled Tuesday Blitz May 16 Early 2023"]
[White "Womacka, Mathias"]
[Black "Klepikov, Nikita"]
[WhiteFideId "4611390"]
[BlackFideId "24145220"]
[WhiteElo "2377"]
[BlackElo "2025"]
[Result "0-1"]
[Round "05"]
[TimeControl "180+2"]
[Date "2023.05.16"]
[WhiteClock "0:00:50"]
[BlackClock "0:00:04"]

1. e4 c5 2. Nf3 Nc6 3. d4 cxd4 4. Nxd4 g6 5. c4 Nf6 6. Nc3 Bg7 7. Be3 d6 8. Be2 O-O 9. O-O Nxd4 10. Bxd4 Be6 11. Qd2 Qa5 12. Rad1 Rfc8 13. b3 a6 14. f4 b5 15. f5 Bd7 16. fxg6 hxg6 17. Bxf6 Bxf6 18. Nd5 Qxd2 19. Nxf6+ exf6 20. Rxd2 Be6 21. cxb5 axb5 22. Rxf6 b4 23. Rf1 Kg7 24. Kf2 Ra5 25. Ke3 Rca8 26. Rxd6 Rxa2 27. Rb6 Rb2 28. Rxb4 Raa2 29. Bf3 Bxb3 30. Rc1 Ra3 31. Kf4 Raa2 32. h4 Be6 33. Rxb2 Rxb2 34. Rc7 Rd2 35. g3 Rf2 36. Ke3 Ra2 37. Be2 Ra1 38. Bc4 Rc1 39. Kd4 Rd1+ 40. Bd3 Rg1 41. Bc4 Bxc4 42. Kxc4 Rc1+ 43. Kd5 Rxc7 44. e5 Rb7 45. e6 fxe6+ 46. Kxe6 Rb3 47. g4 Rh3 48. h5 gxh5 49. gxh5 Rxh5 50. Kd6 Kf6 51. Kc6 Ke6 52. Kb6 Kd6 53. Kb7 Rc5 0-1


[Site "https://www.chess.com"]

[Event "Titled Tuesday Blitz May 16 Early 2023"]
[White "Rodriguez Santiago, Jaime"]
[Black "Mazurkiewicz, Michal"]
[WhiteFideId "3100898"]
[BlackFideId "1124943"]
[WhiteElo "2025"]
[BlackElo "2054"]
[Result "1-0"]
[Round "05"]
[TimeControl "180+2"]
[Date "2023.05.16"]
[WhiteClock "0:00:44"]
[BlackClock "0:00:04"]

1. c4 Nf6 2. Nc3 g6 3. g3 Bg7 4. Bg2 O-O 5. e4 d6 6. Nge2 c5 7. O-O Nc6 8. d3 Rb8 9. h3 a6 10. a4 Nd4 11. Rb1 Nd7 12. b4 cxb4 13. Rxb4 Nc5 14. Be3 Qa5 15. Nd5 Nxe2+ 16. Qxe2 e6 17. Ne7+ Kh8 18. Rfb1 Nxa4 19. Nc6 Nc3 20. Qc2 bxc6 21. Rxb8 Nxb1 22. Rxb1 c5 23. Bd2 Qc7 24. Bc3 Bxc3 25. Qxc3+ e5 26. f4 f6 27. Rf1 Kg8 28. f5 g5 29. Bf3 Bd7 30. Ra1 Ra8 31. Ra5 Qb6 32. Qa1 Bc8 33. Be2 Rb8 34. Kf2 Qb2 35. Qa4 Qd4+ 36. Kf3 Kf7 37. Qc6 Ke7 38. Qc7+ Bd7 39. Qxb8 Qg1 40. Rxa6 Qh1+ 41. Ke3 Qc1+ 42. Kf2 Qh1 43. Qxd6+ Ke8 44. Ra8+ Kf7 45. Qxd7# 1-0


[Site "https://www.chess.com"]

[Event "Titled Tuesday Blitz May 16 Early 2023"]
[White "Afanasieva, Alexandra"]
[Black "merinasian"]
[WhiteFideId "34126926"]
[WhiteElo "1745"]
[BlackElo "2429"]
[Result "0-1"]
[Round "05"]
[TimeControl "180+2"]
[Date "2023.05.16"]
[WhiteClock "0:00:12"]
[BlackClock "0:00:17"]

1. e4 c6 2. d4 d5 3. e5 c5 4. c3 Nc6 5. Nf3 cxd4 6. cxd4 Bg4 7. Bb5 e6 8. Nc3 Ne7 9. Bg5 h6 10. Bxe7 Bxe7 11. Bxc6+ bxc6 12. Qa4 O-O 13. Qxc6 Rb8 14. O-O Bxf3 15. gxf3 Rxb2 16. Kh1 Bh4 17. Nd1 Rb4 18. Rg1 Rxd4 19. Rb1 Rd2 20. Qc5 Rxa2 21. Rg4 Be7 22. Qe3 Kh8 23. Nc3 Rc2 24. Rbg1 Bg5 25. Qd3 Rd2 26. Qa6 Rxf2 27. h4 Bd2 28. Nd1 Rxf3 29. Qe2 Rh3+ 30. Kg2 Rxh4 31. Rxh4 Qxh4 32. Qxd2 Rc8 33. Qf2 Qe4+ 34. Kh2 Rc2 35. Rg2 Rxf2 36. Nxf2 Qxe5+ 37. Kg1 a5 38. Ng4 Qa1+ 39. Kh2 a4 40. Rc2 a3 41. Rc8+ Kh7 42. Ne5 a2 0-1


[Site "https://www.chess.com"]

[Event "Titled Tuesday Blitz May 16 Early 2023"]
[White "Shubenkova, Veronika"]
[Black "Kuchava, Ana"]
[WhiteFideId "44124040"]
[BlackFideId "13605348"]
[WhiteElo "2060"]
[BlackElo "2001"]
[Result "1-0"]
[Round "05"]
[TimeControl "180+2"]
[Date "2023.05.16"]
[WhiteClock "0:00:42"]
[BlackClock "0:00:00"]

1. e4 c5 2. Nc3 Nc6 3. g3 g6 4. Bg2 Bg7 5. d3 d6 6. f4 Nf6 7. Nf3 O-O 8. O-O Bd7 9. Rb1 a6 10. h3 b5 11. Ne2 Rb8 12. g4 Qc7 13. Ng3 Nd4 14. Nxd4 cxd4 15. g5 Ne8 16. h4 Rc8 17. Rf2 Qc5 18. Bf3 Nc7 19. h5 Ne6 20. Qf1 Qc7 21. Rh2 Rfd8 22. f5 Nf8 23. Qh3 gxf5 24. Nxf5 Bxf5 25. exf5 Be5 26. Rg2 Qc5 27. Qg4 Qc7 28. g6 fxg6 29. hxg6 hxg6 30. Bh6 Bg7 31. Bxg7 Kxg7 32. fxg6 Qd7 33. Qh5 Qe6 34. Be4 Rc5 35. Qh4 Qf6 36. Qh3 Re5 37. Rf1 Qe6 38. Rf7+ Kg8 39. Qf3 1-0


[Site "https://www.chess.com"]

[Event "Titled Tuesday Blitz May 16 Early 2023"]
[White "Boder, Jan"]
[Black "Kielinkei"]
[WhiteFideId "16243226"]
[WhiteElo "2241"]
[BlackElo "2423"]
[Result "0-1"]
[Round "05"]
[TimeControl "180+2"]
[Date "2023.05.16"]
[WhiteClock "0:00:05"]
[BlackClock "0:00:05"]

1. c4 Nf6 2. g3 e6 3. Bg2 d5 4. Nf3 d4 5. O-O c5 6. b4 cxb4 7. Bb2 Nc6 8. e3 dxe3 9. fxe3 Be7 10. d4 O-O 11. Nbd2 Qc7 12. Qe2 Bd7 13. Rac1 Qa5 14. Ra1 Rad8 15. Nb3 Qh5 16. Qc2 Qg6 17. Qe2 a5 18. a3 a4 19. Nbd2 b3 20. Rad1 Na5 21. Rc1 b5 22. Ne5 Qh6 23. c5 Nd5 24. c6 Bc8 25. c7 Rde8 26. e4 Ne3 27. Ndf3 Nxf1 28. Bxf1 f6 29. Ng4 Qg6 30. Nf2 Nc4 31. Rxc4 bxc4 32. Qxc4 Qh5 33. Kg2 Qa5 34. Qb5 Qxc7 35. d5 exd5 36. exd5 Bd7 37. Qd3 Bd6 38. Qb1 f5 39. Bd3 Re7 40. Bd4 Bc5 41. Qb2 Bxd4 42. Qxd4 Qd6 43. Qh4 Qxa3 44. Ng5 h6 45. Ngh3 b2 46. Nf4 Qd6 47. Qh5 a3 48. Ng6 a2 49. Nxe7+ Qxe7 50. h4 a1=Q 51. Qg6 Qf6 52. Qh5 b1=Q 53. Qf3 Qg1+ 54. Kh3 f4+ 55. g4 Bxg4+ 56. Qxg4 Qxg4+ 57. Nxg4 Qfc3 58. Nf2 Qab2 59. Kg4 Qxf2 60. d6 Qxd3 61. d7 Qdg3+ 62. Kh5 Qff3# 0-1


[Site "https://www.chess.com"]

[Event "Titled Tuesday Blitz May 16 Early 2023"]
[White "Van Dael, Siem"]
[Black "agvania123"]
[WhiteFideId "1049771"]
[WhiteElo "2336"]
[BlackElo "2237"]
[Result "1-0"]
[Round "05"]
[TimeControl "180+2"]
[Date "2023.05.16"]
[WhiteClock "0:01:37"]
[BlackClock "0:00:13"]

1. e4 d5 2. exd5 Qxd5 3. Nc3 Qd8 4. d4 Nf6 5. Bc4 a6 6. Bb3 b5 7. Qf3 c6 8. Nge2 Bb7 9. Bf4 e6 10. O-O-O Bd6 11. Be5 Qe7 12. Qg3 Bxe5 13. dxe5 Nh5 14. Qg4 g6 15. Ne4 O-O 16. N2g3 Ng7 17. h4 h5 18. Qf4 Nf5 19. Nxf5 exf5 20. Qh6 fxe4 21. Qxg6+ Kh8 22. Qh6+ Kg8 23. Rd6 1-0


[Site "https://www.chess.com"]

[Event "Titled Tuesday Blitz May 16 Early 2023"]
[White "Chakravarthi Reddy, M"]
[Black "Pandey Srishti"]
[WhiteFideId "25009532"]
[BlackFideId "35093290"]
[WhiteElo "2201"]
[BlackElo "2123"]
[Result "1-0"]
[Round "05"]
[TimeControl "180+2"]
[Date "2023.05.16"]
[WhiteClock "0:00:07"]
[BlackClock "0:00:12"]

1. e4 e5 2. Nf3 Nc6 3. Bb5 a6 4. Ba4 Nf6 5. O-O Be7 6. Re1 b5 7. Bb3 d6 8. a4 Rb8 9. h3 O-O 10. d4 Nxd4 11. Nxd4 exd4 12. Qxd4 c5 13. Qd1 c4 14. Ba2 Be6 15. c3 Qc8 16. Nd2 Rd8 17. axb5 axb5 18. Bb1 Nd7 19. Nf3 Ne5 20. Nd4 Bxh3 21. gxh3 Qxh3 22. Re3 Qh4 23. Nf5 Qf6 24. Rg3 Ng6 25. Ra7 Qe6 26. Qh5 Bf8 27. Rh3 h6 28. Nd4 Qf6 29. Nc6 Ra8 30. Rxa8 Rxa8 31. Qd1 Qe6 32. Rg3 Qd7 33. Nd4 Ne5 34. f4 Ng6 35. Nf5 Re8 36. e5 Qa7+ 37. Be3 Qa1 38. exd6 Qxb2 39. d7 Rd8 40. Nxh6+ gxh6 41. Bxg6 fxg6 42. Qd5+ Kh7 43. Qf7+ Bg7 44. Qxg6+ Kh8 45. Qxg7# 1-0


[Site "https://www.chess.com"]

[Event "Titled Tuesday Blitz May 16 Early 2023"]
[White "Wimalasuriya, Kasun M."]
[Black "Pesotskiy, Mikhail"]
[WhiteFideId "9906789"]
[BlackFideId "34164453"]
[WhiteElo "2235"]
[BlackElo "2131"]
[Result "1-0"]
[Round "05"]
[TimeControl "180+2"]
[Date "2023.05.16"]
[WhiteClock "0:01:48"]
[BlackClock "0:00:18"]

1. d4 e6 2. c4 Nf6 3. Nf3 Bb4+ 4. Nbd2 a5 5. Qc2 d5 6. a3 Bxd2+ 7. Bxd2 O-O 8. e3 b6 9. cxd5 exd5 10. Bd3 Bb7 11. Rc1 Nbd7 12. Qxc7 Qb8 13. Qxb8 Raxb8 14. Ke2 Rfc8 15. Rxc8+ Rxc8 16. Rc1 Rxc1 17. Bxc1 Kf8 18. Ne5 Ke7 19. h3 h6 20. Bd2 Nxe5 21. dxe5 Ne4 22. f4 f6 23. exf6+ Kxf6 24. Bc3+ Nxc3+ 25. bxc3 h5 26. g4 hxg4 27. hxg4 Ke7 28. c4 dxc4 29. Bxc4 Bc6 30. Kd3 b5 31. Bb3 Kd6 32. Kd4 Bd7 33. Bd1 Be6 34. e4 b4 35. axb4 axb4 36. f5 Ba2 37. e5+ Ke7 38. g5 Kf8 39. Be2 Bb1 40. Bd3 Bxd3 41. Kxd3 g6 42. f6 Kf7 43. Kc4 b3 44. Kxb3 Ke6 45. Kc4 1-0


[Site "https://www.chess.com"]

[Event "Titled Tuesday Blitz May 16 Early 2023"]
[White "Da Matta, Eduardo Cesar"]
[Black "Koepke, Christian"]
[WhiteFideId "2193108"]
[BlackFideId "4655737"]
[WhiteElo "1981"]
[BlackElo "2204"]
[Result "0-1"]
[Round "05"]
[TimeControl "180+2"]
[Date "2023.05.16"]
[WhiteClock "0:00:15"]
[BlackClock "0:00:28"]

1. d4 d5 2. c4 e5 3. dxe5 Ne7 4. Nf3 Nbc6 5. cxd5 Qxd5 6. Qxd5 Nxd5 7. e4 Ndb4 8. Na3 Be6 9. b3 O-O-O 10. Be2 Nd3+ 11. Bxd3 Rxd3 12. O-O Bg4 13. Ne1 Rd1 14. f3 Bc5+ 15. Kh1 Bxa3 16. Bxa3 Rxa1 17. fxg4 Nxe5 18. Bb2 Rb1 19. Bxe5 Re8 20. Bc3 Rxe4 21. h3 Re3 22. Bd2 Re2 23. Bc3 Rc1 24. Rxf7 Rxc3 25. Nf3 Rxa2 26. Ne5 b5 27. Rxg7 Rcc2 28. Rxh7 Rxg2 29. h4 Rh2+ 30. Kg1 Rag2+ 31. Kf1 Re2 32. Nd3 Rd2 33. Ne1 Rh1# 0-1


[Site "https://www.chess.com"]

[Event "Titled Tuesday Blitz May 16 Early 2023"]
[White "hsd2016"]
[Black "Pasti, Aron"]
[BlackFideId "785857"]
[WhiteElo "2200"]
[BlackElo "2173"]
[Result "0-1"]
[Round "05"]
[TimeControl "180+2"]
[Date "2023.05.16"]
[WhiteClock "0:00:03"]
[BlackClock "0:01:29"]

1. e4 c5 2. Nf3 e6 3. d4 cxd4 4. Nxd4 Nc6 5. Nc3 Qc7 6. Be3 a6 7. a3 b5 8. Be2 Bb7 9. O-O Nf6 10. f4 Bc5 11. Qd2 Nxd4 12. Bxd4 Bxe4 13. Rae1 Bxc2 14. Kh1 Bxd4 15. Qxd4 O-O 16. Rc1 Bg6 17. Nxb5 Qb7 18. Nc3 Qxb2 19. Bf3 Rac8 20. Rfd1 Bc2 21. Rd2 Qxc1+ 0-1


[Site "https://www.chess.com"]

[Event "Titled Tuesday Blitz May 16 Early 2023"]
[White "Rottenwohrer Suarez, Juan"]
[Black "Kiseljova, Marya"]
[WhiteFideId "32068182"]
[BlackFideId "4155009"]
[WhiteElo "2174"]
[BlackElo "1831"]
[Result "1-0"]
[Round "05"]
[TimeControl "180+2"]
[Date "2023.05.16"]
[WhiteClock "0:01:24"]
[BlackClock "0:01:05"]

1. Nf3 d5 2. g3 Nd7 3. d4 Nb6 4. Bg2 Nf6 5. O-O Bf5 6. a4 a5 7. Nc3 e6 8. Nh4 Bg6 9. Nxg6 hxg6 10. e4 dxe4 11. Nxe4 Nxe4 12. Bxe4 c6 13. c3 Bd6 14. Qb3 Bc7 15. Be3 Qf6 16. c4 Rb8 17. Rfe1 g5 18. Bg2 g4 19. d5 cxd5 20. Bxb6 Bxb6 21. Qb5+ Kf8 22. Qxb6 Qh6 23. Qd6+ Kg8 24. Qxb8+ Kh7 25. Qf4 Kg8 26. Qxh6 Rxh6 27. cxd5 1-0


[Site "https://www.chess.com"]

[Event "Titled Tuesday Blitz May 16 Early 2023"]
[White "Tarnowska, Aleksandra"]
[Black "Yosha_Iglesias"]
[WhiteFideId "1180967"]
[WhiteElo "1776"]
[BlackElo "2405"]
[Result "0-1"]
[Round "05"]
[TimeControl "180+2"]
[Date "2023.05.16"]
[WhiteClock "0:00:00"]
[BlackClock "0:00:10"]

1. e4 c5 2. Nf3 d6 3. Bb5+ Bd7 4. Bxd7+ Qxd7 5. O-O Nc6 6. d3 g6 7. c3 Bg7 8. Re1 Nf6 9. Nbd2 O-O 10. Nf1 d5 11. e5 Ne8 12. d4 cxd4 13. cxd4 Nc7 14. Be3 Ne6 15. Qd2 Rac8 16. Rad1 Qc7 17. Bh6 Qa5 18. Qe3 Qb6 19. b3 Bxh6 20. Qxh6 Ncxd4 21. Nxd4 Nxd4 22. Ne3 Nf5 23. Nxf5 gxf5 24. Qf4 Qe6 25. Rd3 Kh8 26. Rh3 Rg8 27. Rh6 Rg6 28. Rxg6 fxg6 29. Rd1 Kg7 30. Qd4 Qc6 31. h3 e6 32. Qxa7 Rc7 33. Qa8 Qc2 34. Re1 Qd2 35. Rf1 Rc1 36. Qd8 Rxf1+ 0-1


[Site "https://www.chess.com"]

[Event "Titled Tuesday Blitz May 16 Early 2023"]
[White "KSho99"]
[Black "Petrova, Irina"]
[BlackFideId "14124122"]
[WhiteElo "2152"]
[BlackElo "2084"]
[Result "0-1"]
[Round "05"]
[TimeControl "180+2"]
[Date "2023.05.16"]
[WhiteClock "0:01:41"]
[BlackClock "0:02:11"]

1. Nf3 d5 2. e3 c6 3. d4 Nf6 4. Bd3 Bg4 5. Nbd2 Nbd7 6. c4 e5 7. dxe5 Nxe5 8. Be2 Nxf3+ 9. Nxf3 Bb4+ 10. Bd2 Bxd2+ 11. Nxd2 Bxe2 12. Qxe2 O-O 13. cxd5 Qxd5 14. O-O Rad8 15. Rfd1 Rfe8 16. Nf3 Qe4 17. Rd4 Rxd4 18. Nxd4 Qxd4 0-1


[Site "https://www.chess.com"]

[Event "Titled Tuesday Blitz May 16 Early 2023"]
[White "Winkels, Marcel"]
[Black "KVAIDAN"]
[WhiteFideId "1003887"]
[WhiteElo "1900"]
[BlackElo "2396"]
[Result "1-0"]
[Round "05"]
[TimeControl "180+2"]
[Date "2023.05.16"]
[WhiteClock "0:00:52"]
[BlackClock "0:00:27"]

1. d4 e6 2. e4 d5 3. e5 c5 4. c3 Qb6 5. Nf3 Bd7 6. Be2 cxd4 7. cxd4 Bb5 8. O-O Bxe2 9. Qxe2 Nc6 10. Be3 Nge7 11. Nc3 Nf5 12. Rfd1 Bb4 13. Rac1 h5 14. a3 Bxc3 15. Rxc3 g6 16. h3 a5 17. Qd3 a4 18. g4 hxg4 19. hxg4 Nh4 20. Nxh4 Rxh4 21. Qe2 Kd7 22. Bg5 Rh7 23. Bf6 Nxd4 24. Qe3 Qxb2 25. Qxd4 Qe2 26. Rdc1 Ke8 27. Qb4 1-0


[Site "https://www.chess.com"]

[Event "Titled Tuesday Blitz May 16 Early 2023"]
[White "dDobravcan"]
[Black "Kopczynski, Michal"]
[BlackFideId "1124200"]
[WhiteElo "2128"]
[BlackElo "2212"]
[Result "1-0"]
[Round "05"]
[TimeControl "180+2"]
[Date "2023.05.16"]
[WhiteClock "0:00:13"]
[BlackClock "0:00:00"]

1. d4 Nf6 2. Nc3 g6 3. Bf4 d6 4. e3 Bg7 5. h4 O-O 6. h5 Nxh5 7. Rxh5 gxh5 8. Qxh5 e5 9. dxe5 dxe5 10. Bxe5 Nc6 11. Rd1 Bg4 12. Qxg4 Nxe5 13. Qb4 a5 14. Qa3 Qh4 15. Rd4 Qh1 16. Nge2 Nc6 17. Rg4 Nb4 18. Qb3 h5 19. Rg3 Qh4 20. a3 Nc6 21. Nf4 Rfe8 22. Ncd5 Nd4 23. Qc4 c6 24. Nc7 Qxf4 25. Nxa8 Qf5 26. Qxd4 f6 27. Bc4+ Kh8 28. Nc7 Rf8 29. Bd3 Qe5 30. Qh4 Qxc7 31. Qxh5+ Kg8 32. Bh7+ Kh8 33. Bg6+ 1-0


[Site "https://www.chess.com"]

[Event "Titled Tuesday Blitz May 16 Early 2023"]
[White "Gatterer, Florian"]
[Black "ritanovikova"]
[WhiteFideId "811688"]
[WhiteElo "2221"]
[BlackElo "2122"]
[Result "1-0"]
[Round "05"]
[TimeControl "180+2"]
[Date "2023.05.16"]
[WhiteClock "0:00:09"]
[BlackClock "0:00:19"]

1. d4 e5 2. dxe5 Nc6 3. Nf3 Qe7 4. Nc3 Nxe5 5. Nxe5 Qxe5 6. g3 Nf6 7. Bg2 d6 8. Bf4 Qa5 9. a3 Be7 10. O-O O-O 11. b4 Qh5 12. Nd5 Nxd5 13. Qxd5 Qxd5 14. Bxd5 c6 15. Bf3 a6 16. c4 Be6 17. Rac1 Rfd8 18. Rfd1 g5 19. Be3 Bf6 20. Bd4 Bxd4 21. Rxd4 Rd7 22. h4 h6 23. Rcd1 Rad8 24. Kg2 Kg7 25. hxg5 hxg5 26. e4 f6 27. Be2 d5 28. cxd5 cxd5 29. exd5 Rxd5 30. Rxd5 Rxd5 31. Rxd5 Bxd5+ 32. Bf3 Bxf3+ 33. Kxf3 Kf7 34. Ke4 Ke6 35. g4 b6 36. Kd4 Kd6 37. a4 a5 38. bxa5 bxa5 39. Kc4 Kc6 40. f3 Kd6 41. Kb5 Ke5 42. Kxa5 Kf4 43. Kb5 Kxf3 44. a5 Kxg4 45. a6 f5 46. a7 f4 47. a8=Q f3 48. Kc4 f2 49. Qg2+ Kh4 50. Qxf2+ Kh3 51. Qg1 g4 52. Kd3 g3 53. Ke2 g2 54. Kf2 Kh4 55. Qxg2 1-0


[Site "https://www.chess.com"]

[Event "Titled Tuesday Blitz May 16 Early 2023"]
[White "Sargissyan, Sargis"]
[Black "Flis, Pawel"]
[WhiteFideId "13303210"]
[BlackFideId "1112864"]
[WhiteElo "2109"]
[BlackElo "1822"]
[Result "1/2-1/2"]
[Round "05"]
[TimeControl "180+2"]
[Date "2023.05.16"]
[WhiteClock "0:00:24"]
[BlackClock "0:00:08"]

1. e4 c5 2. Nc3 d6 3. d4 cxd4 4. Qxd4 Nc6 5. Qd2 g6 6. b3 Bh6 7. f4 e5 8. Nd5 Be6 9. Ne2 Bxd5 10. exd5 Nce7 11. Bb2 Nf6 12. c4 O-O 13. Qc3 Ne4 14. Qb4 Nf5 15. Ng3 Qh4 16. O-O-O Nfxg3 17. hxg3 Qxh1 18. Kb1 Qh2 19. fxe5 dxe5 20. Bxe5 Rfe8 21. Bb2 Qxg3 22. Bd3 Nf2 23. Qc3 Qe5 24. Qc2 Qe3 25. Qc3 Qe5 26. Qc2 Qe3 27. Qc3 Qe5 1/2-1/2


[Site "https://www.chess.com"]